 Dungeon Crawl Stone Soup version 0.32-a0-940-g8c197d95f1 (webtiles) character file.

Game seed: 9184639038437329573

18797 rigrig the Slicer (level 12, -2/78 HPs)
             Began as a Kobold Berserker on Apr 16, 2024.
             Was an Elder of Trog.
             Slain by a fire crab (shapeshifter) (8 damage)
             ... on level 11 of the Dungeon.
             The game lasted 00:25:44 (14717 turns).

rigrig the Slicer (Kobold Berserker)               Turns: 14717, Time: 00:25:44

Health: -2/78      AC: 18    Str: 21    XL:     12   Next: 99%
Magic:  12/12      EV: 19    Int:  8    God:    Trog [****..]
Gold:   790        SH:  0    Dex: 22    Spells: 11/11 levels left

rFire   . . .        A - +0 rapier
rCold   . . .        (no shield)
rNeg    . . .        k - +3 scale mail {Will+}
rPois   .            y - +1 helmet
rElec   .            w - +0 cloak
rCorr   .            I - +1 pair of gloves {Str+3}
SInv    .            U - +0 pair of boots
Will    +....        K - amulet of faith
Stlth   +++++        c - ring of flight
HPRegen 0.33/turn    b - +6 ring of dexterity
MPRegen 0.13/turn

%: faith
@: on berserk cooldown, flying, slowed, very slow
A: small, no large weapons, nightstalker 3
a: Renounce Religion, Berserk, Trog's Hand, Brothers in Arms


You were on level 11 of the Dungeon.
You worshipped Trog.
Trog was greatly pleased with you.
You visited 1 branch of the dungeon, and saw 11 of its levels.
You also visited: Bailey.

You collected 790 gold pieces.

Inventory:

Hand Weapons
 a - a +1 short sword
 m - a +0 vampiric lajatang
 A - a +0 rapier (weapon)
Missiles
 l - 3 throwing nets (quivered)
Armour
 f - a +1 leather armour of poison resistance
 k - a +3 scale mail of willpower (worn)
 w - a +0 cloak (worn)
 y - a +1 helmet (worn)
 C - a +3 plate armour of cold resistance
 I - a +1 pair of gloves of strength (worn)
 N - an orb of mayhem
 U - a +0 pair of boots (worn)
Jewellery
 b - a +6 ring of dexterity (right hand)
 c - a ring of flight (left hand)
 i - a ring of see invisible
 n - a ring of protection from cold
 p - an amulet of magic regeneration
 K - an amulet of faith (around neck)
 L - an amulet of guardian spirit
 R - a ring of protection from fire
Wands
 r - a wand of charming (20)
 v - a wand of flame (16)
 x - a wand of polymorph (12)
 M - a wand of quicksilver (25)
 Q - a wand of iceblast (7)
Scrolls
 d - a scroll of enchant armour
 e - 2 scrolls of enchant weapon
 g - 2 scrolls of poison
 j - a scroll of immolation
 o - a scroll of vulnerability
 t - a scroll of noise
 G - a scroll of blinking {unknown}
 H - 3 scrolls of amnesia
 P - a scroll of fear {unknown}
Potions
 h - 2 potions of heal wounds
 q - 8 potions of curing
 s - a potion of invisibility {unknown}
 u - a potion of cancellation
 z - a potion of berserk rage
 B - a potion of might
 D - a potion of haste
 E - 2 potions of attraction
 F - a potion of ambrosia
 J - 2 potions of brilliance
 O - a potion of mutation {!q}
 S - a potion of lignification
 T - a potion of magic {unknown}


   Skills:
 + Level 10.5 Fighting
 - Level 14.0 Short Blades
 + Level 7.8 Armour
 + Level 10.8 Dodging
 + Level 12.3 Stealth


You had 11 spell levels left.
You didn't know any spells.
Your spell library contained the following spells:

 Spells                   Type           Power      Damage    Failure   Level
 Magic Dart               Conj           0%         1d3       71%         1
 Searing Ray              Conj           0%         2d4       85%         2
 Stone Arrow              Conj/Erth      0%         3d7       97%         3
 Volatile Blastmotes      Fire/Tloc      0%         2d10      97%         3
 Animate Armour           Summ/Erth      0%         N/A       100%        4
 Fulminant Prism          Conj/Alch      0%         3d5       100%        4
 Iskenderun's Mystic Bla Conj/Tloc 0%             2d3        (+2d1     100%        4
 Haunt                    Necr/Summ      0%         N/A       100%        7
 Borgnjor's Revivificati  Necr           0%         N/A       100%        8
 Lehudib's Crystal Spear  Conj/Erth      0%         10d2      100%        8
 Death's Door             Necr           0%         N/A       100%        9


Dungeon Overview and Level Annotations

Branches:
Dungeon (11/15)            Temple (0/1) D:6            Lair (0/5) D:8
    Orc (0/2) D:9          Bailey (visited)

Altars:
Cheibriados
Elyvilon
Fedhas
Gozag
Hepliaklqana
Kikubaaqudgha
Okawaru
Ru
Uskayaw

Shops:
D:5 :

Portals:
Trove: D:11 (give horn of Geryon)

Annotations:
D:11 confidenceinterval's ghost, journeyman GnCj


Innate Abilities, Weirdness & Mutations

You are small and have problems with some larger weapons.
You are completely attuned to the shadows.


Message History

You hit the fire crab but do no damage.
The fire crab is moderately wounded.
You are engulfed in blazing flames.
The fire crab bites you but does no damage.
The fire crab completely misses you.
You hit the fire crab.
The fire crab is moderately wounded.
You hit the fire crab but do no damage.
The fire crab is moderately wounded.
The fire crab breathes flames at you.
The blast of flame engulfs you but does no damage.
You hit the fire crab.
The fire crab is moderately wounded.
You are engulfed in blazing flames.
The fire crab bites you!
You are engulfed in flames!
* * * LOW HITPOINT WARNING * * *
The fire crab misses you.
You feel much better.
You are engulfed in blazing flames.
The fire crab barely misses you. x2
You feel much better.
You are engulfed in blazing flames.
The fire crab breathes flames at you. The blast of flame misses you.
The fire crab closely misses you. The fire crab claws you.
You are engulfed in flames!
You fail to use your ability.
The fire crab breathes flames at you.
The blast of flame engulfs you but does no damage.
Your ogre goes berserk!
Trog will no longer gift you weapons.
You are engulfed in blazing flames.
The fire crab bites you but does no damage.
The fire crab claws you!
* * * LOW HITPOINT WARNING * * *
You are engulfed in flames!
* * * LOW HITPOINT WARNING * * *
The fire crab barely misses you. The fire crab closely misses you.
The fire crab attacks as it pursues you!
The fire crab bites you!
* * * LOW HITPOINT WARNING * * *
You are engulfed in flames!
You die...

######## ##......#####
#...........# #..#.F.....## #
############ #..###'''### #
#..........# #h.#.3!!..=####
#..........# #..#.#.W.#!##..
#..........####..#...#!..##.#
#..........'@.#..#.#..W#.##)#
#..........##t#..##†#.#.###.#
#..........##.O..#.#§.÷#§#..#
#..........####..#....§..####
#.....>....# #..###'''###
######'##### #..#.......#
#..# #..#.#..3#§# ##.#
#..#.......# #.## ####


You could see a fire crab (ally target) and a friendly ogre (summoned, berserk).

Vanquished Creatures
  5 two-headed ogres
  A death yak (D:8)
  5 ugly things (D:11)
  A manticore (D:6)
  A cyclops (D:11)
  An elephant (shapeshifter) (D:11)
  A meliai (shapeshifter) (D:11)
  An eye of devastation (shapeshifter) (D:11)
  Jeremiah (D:8)
  2 kobold demonologists
  2 trolls (D:11)
  A troll (shapeshifter) (D:11)
  Prince Ribbit (D:6)
  2 hornets (D:9)
  3 slime creatures (D:11)
  A vampire (D:10)
  28 yaks
  3 shadows
  A vampire mosquito (D:11)
  A steam dragon (D:6)
  8 orc warriors
  A black bear (D:5)
  A swamp drake (D:5)
  3 ice beasts
  2 centaurs
  5 kobold brigands
  6 bullfrogs
  3 gnoll sergeants
  2 scorpions
  8 killer bees (D:7)
  8 howler monkeys
  3 bombardier beetles
  6 hounds
  2 jellies (D:4)
  2 orc priests
  4 sleepcaps
  Crazy Yiuf (D:3)
  A gnoll bouda (D:6)
  An iguana (D:4)
  Ijyb (D:3)
  3 orc wizards
  Terence (D:2)
  2 human simulacra (D:10)
  Robin (D:3)
  20 gnolls
  9 adders
  A shadow imp (D:8)
  2 white imps
  4 adder skeletons (D:2)
  5 dart slugs
  6 ribbon worms
  40 orcs
  5 endoplasms
  A giant cockroach (D:2)
  17 goblins
  14 hobgoblins
  7 quokkas
  8 ball pythons
  A ball python skeleton (D:2)
  2 ball python zombies (D:2)
  8 bats
  3 frilled lizards
  26 kobolds
  A quokka skeleton (D:2)
  3 rats (D:2)
320 creatures vanquished.

Notes
Turn   | Place    | Note
-------+----------+-------------------------------------------
     0 | D:1      | rigrig the Kobold Berserker began the quest for the Orb.
     0 | D:1      | Reached XP level 1. HP: 14/14 MP: 1/1
   135 | D:1      | Reached XP level 2. HP: 18/19 MP: 2/2
   286 | D:1      | Reached skill level 1 in Stealth
   288 | D:1      | Reached XP level 3. HP: 14/23 MP: 3/3
  1063 | D:2      | Reached XP level 4. HP: 28/29 MP: 4/4
  1153 | D:2      | Reached ** piety under Trog
  1185 | D:2      | Reached skill level 5 in Short Blades
  1716 | D:3      | Reached XP level 5. HP: 11/33 MP: 5/5
  1855 | D:3      | Noticed Terence
  1963 | D:2      | Killed Terence
  2035 | D:3      | Found a blossoming altar of Fedhas.
  2036 | D:3      | Found an ancient bone altar of Kikubaaqudgha.
  2139 | D:3      | Found a snail-covered altar of Cheibriados.
  2260 | D:3      | Reached XP level 6. HP: 38/38 MP: 6/6
  2324 | D:3      | Noticed Robin
  2386 | D:3      | Killed Robin
  2499 | D:3      | Reached skill level 6 in Short Blades
  2689 | D:3      | Noticed Ijyb
  2700 | D:3      | Killed Ijyb
  2745 | D:3      | Found a faded altar of an unknown god.
  2955 | D:3      | Found a runed translucent door.
  2958 | D:3      | Noticed Crazy Yiuf
  2963 | D:3      | Killed Crazy Yiuf
  2991 | D:4      | Reached *** piety under Trog
  3142 | D:4      | Reached XP level 7. HP: 44/44 MP: 7/7
  3460 | D:4      | Found a sacrificial altar of Ru.
  3861 | D:5      | Entered Level 5 of the Dungeon
  3884 | D:5      | Found a hide-covered altar of Uskayaw.
  3890 | D:5      | Reached skill level 7 in Short Blades
  4199 | D:5      | Reached skill level 5 in Fighting
  4199 | D:5      | Reached XP level 8. HP: 49/49 MP: 8/8
  4296 | D:5      | Reached skill level 8 in Short Blades
  4627 | D:5      | Found Isimyfoi's Book Shop.
  4752 | D:5      | Reached skill level 5 in Dodging
  4752 | D:5      | Reached skill level 5 in Stealth
  4816 | D:5      | Noticed Edmund
  4820 | D:5      | Edmund changed into Edmund the swamp drake
  4820 | D:5      | Noticed Edmund
  4825 | D:5      | Killed Edmund the swamp drake
  5195 | D:6      | Noticed Prince Ribbit
  5216 | D:6      | Killed Prince Ribbit
  5217 | D:6      | Reached XP level 9. HP: 38/55 MP: 9/9
  5288 | D:6      | Reached skill level 9 in Short Blades
  5370 | D:6      | Found an iron altar of Okawaru.
  5392 | D:6      | Found a staircase to the Ecumenical Temple.
  5514 | D:6      | You are sucked into a shaft and drop 3 floors!
  5525 | D:9      | Noticed a hornet
  5647 | D:8      | Reached **** piety under Trog
  5667 | D:8      | Found a flagged portal.
  5686 | Bailey   | Entered a bailey
  6180 | Bailey   | Reached skill level 10 in Short Blades
  7079 | D:6      | Noticed a manticore
  7097 | D:6      | Killed a manticore
  7098 | D:6      | Reached XP level 10. HP: 21/61 MP: 10/10
  7710 | D:6      | Reached skill level 11 in Short Blades
  8011 | D:6      | Reached skill level 5 in Armour
  9516 | D:8      | Found an opulent altar of Gozag.
  9991 | D:8      | Reached skill level 12 in Short Blades
 10071 | D:8      | Noticed Jeremiah
 10075 | D:8      | Killed Jeremiah
 10077 | D:8      | Found a staircase to the Lair.
 10091 | D:8      | Reached XP level 11. HP: 68/68 MP: 11/11
 10096 | D:8      | Noticed a death yak
 10242 | D:8      | Killed a death yak
 10697 | D:9      | Reached ***** piety under Trog
 10818 | D:9      | Reached skill level 13 in Short Blades
 10914 | D:9      | Paralysed by a hornet for 1 turns
 10947 | D:9      | Received a gift from Trog
 11178 | D:9      | Found a staircase to the Orcish Mines.
 11443 | D:10     | Entered Level 10 of the Dungeon
 11458 | D:10     | Paralysed by a hornet for 1 turns
 11784 | D:10     | Found a white marble altar of Elyvilon.
 12007 | D:10     | Noticed a two-headed ogre
 12011 | D:10     | Killed a two-headed ogre
 12012 | D:10     | Reached skill level 10 in Stealth
 12074 | D:10     | Noticed a two-headed ogre
 12078 | D:10     | Killed a two-headed ogre
 12079 | D:10     | Reached skill level 14 in Short Blades
 12233 | D:10     | Found a hazy altar of Hepliaklqana.
 12488 | D:10     | Reached XP level 12. HP: 46/76 MP: 12/12
 12850 | D:11     | Found a portal to a secret trove of treasure.
 12927 | D:11     | Found a runed translucent gate.
 12928 | D:11     | Found a runed translucent gate.
 12929 | D:11     | Found a runed translucent gate.
 13195 | D:11     | Noticed a two-headed ogre
 13199 | D:11     | Killed a two-headed ogre
 13750 | D:11     | Noticed a two-headed ogre
 13805 | D:11     | Killed a two-headed ogre
 13806 | D:11     | Reached skill level 10 in Dodging
 13873 | D:11     | Noticed a two-headed ogre
 13881 | D:11     | Killed a two-headed ogre
 13882 | D:11     | Reached skill level 10 in Fighting
 14386 | D:11     | Found a runed translucent gate.
 14386 | D:11     | Found a runed translucent gate.
 14388 | D:11     | Found a runed translucent gate.
 14391 | D:11     | Noticed confidenceinterval's ghost (journeyman GnCj)
 14701 | D:11     | Noticed a fire crab
 14717 | D:11     | Slain by a fire crab (shapeshifter)

Illustrated notes

Levels and vault maps discovered:
D:1:      reono_arrival_forest_river, layout_basic
D:2:      layout_rooms, serial_undead, serial_undead_c, serial_undead_a,
          serial_undead_f, serial_undead_b
D:3:      layout_loops_ring, cheibrodos_worm_habitat,
          grunt_temple_overflow_growth_and_decay,
          nicolae_ecumenical_lake_church, ebering_dispersal_statue_hall,
          hangedman_decor_points, uniq_terence, uniq_ijyb,
          uniq_crazy_yiuf_cottage, uniq_robin
D:4:      layout_rooms, nicolae_overflow_crystal_walls,
          hangedman_decor_opposing, supply_closet_lemuel, minmay_manual_maat
D:5:      layout_basic, eat_drink_and_be_merry_uskayaw, serial_shops,
          nicolae_shop_getting_attention, dk_noncrumbling_4,
          minmay_misc_feat_ornament, uniq_edmund
D:6:      layout_layer_cave, mainiacjoe_overflow_small_starburst,
          minmay_temple_entry_trees, minmay_three_doors, uniq_prince_ribbit1
D:7:      layout_cave_pods, nrook_mini_vaults
D:8:      layout_basic, nicolae_gozag_seed_capital, dpeg_lair_monsters,
          enter_bailey_4, chequers_serial_rivers_small_a, uniq_jeremiah
D:9:      layout_big_octagon, orc_0_dummy
D:10:     layout_cave_pools, mainiacjoe_overflow_surrounded_room,
          lemuel_crystal_altar, bh_circular_ruins
D:11:     layout_roguey, nicolae_trove_entry_crystal,
          ploomutoo_gammafunk_ghost_potion_laboratory, grunt_tough_drop

Skill      XL: |  1  2  3  4  5  6  7  8  9 10 11 12 |
---------------+-------------------------------------+-----
Stealth        | 1 2 3 4 5 7 8 10 12 | 12.3
Armour         | 2 3 4 5 6 7 |  7.8
Dodging        | 3 4 5 6 7 9 10 | 10.8
Short Blades   | 5 6 7 8 10 12 14 | 14.0
Fighting       | 4 5 6 7 9 10 | 10.5

Action                     |  1- 3 |  4- 6 |  7- 9 | 10-12 || total
---------------------------+-------+-------+-------+-------++-------
  Melee: Short sword       |    83 |   264 |   170 |       ||   517
         Rapier            |       |       |   358 |   857 ||  1215
 Invoke: Berserk           |     1 |     4 |     8 |    13 ||    26
         Trog's Hand       |       |       |       |     1 ||     1
         Brothers in Arms  |       |       |       |     1 ||     1
  Evoke: Wand              |       |       |     4 |       ||     4
    Use: Scroll            |     1 |     2 |       |    11 ||    14
         Potion            |       |       |     4 |     3 ||     7
   Stab: Sleeping          |    10 |    15 |    19 |    30 ||    74
         Distracted        |       |     1 |     2 |       ||     3
 Armour: Animal skin       |    24 |       |       |       ||    24
         Leather armour    |     8 |    41 |       |       ||    49
         Ring mail         |     4 |       |       |       ||     4
         Scale mail        |       |    71 |   178 |   287 ||   536
         Plate armour      |       |       |    76 |    53 ||   129
  Dodge: Dodged            |    56 |   154 |   285 |   505 ||  1000

Table legend: (Time is in decaauts)
 A = Elapsed time spent in this place.
 B = Non-inter-level travel time spent in this place.
 C = Inter-level travel time spent in this place.
 D = Time resting spent in this place.
 E = Time spent auto-exploring this place.
 F = Levels seen in this place.
 G = Mean time per level.
                   A        B        C        D        E       F      G
               +--------+--------+--------+--------+--------+-----+--------+
         Total |  14329 |  13954 |    375 |   2840 |   8297 |  12 | 1194.1 |
       Dungeon |  13626 |  13251 |    375 |   2589 |   8297 |  11 | 1238.7 |
        Bailey |    703 |    703 |      0 |    251 |      0 |   1 |  703.0 |
               +--------+--------+--------+--------+--------+-----+--------+

Top non-repeatable levels by time:
     D:6: 1924 daAuts
    D:11: 1830 daAuts
     D:8: 1647 daAuts
     D:7: 1240 daAuts
     D:3: 1075 daAuts
     D:4: 1074 daAuts
    D:10: 1053 daAuts
     D:1: 1001 daAuts
     D:9: 976 daAuts
     D:5: 921 daAuts
     D:2: 881 daAuts
  Bailey: 703 daAuts
